 Dungeon Crawl Stone Soup version 0.32-a0-329-ge6c31236d6 (webtiles) character file.

Game seed: 16561074478649302670

8449 cforsyth the Fighter (level 11, 0/90 HPs)
             Began as a Djinni Fire Elementalist on Feb 16, 2024.
             Slain by an orc warrior
             ... wielding a +0 glaive
              (16 damage)
             ... on level 9 of the Dungeon.
             The game lasted 00:22:16 (9245 turns).

cforsyth the Fighter (Djinni Fire Elementalist)     Turns: 9245, Time: 00:22:17

Health: 0/90       AC: 10    Str:  7    XL:     11   Next: 56%
Gold:   449        EV: 10    Int: 21    God:
                   SH:  0    Dex: 14

rFire   + + .        (no weapon)
rCold   + . .        (no shield)
rNeg    . . .        l - +2 ring mail {rC+}
rPois   ∞            G - +0 helmet
rElec   .            o - +1 cloak
rCorr   +            (no gloves)
SInv    .            (boots unavailable)
Will    +....        v - amulet of regeneration
Stlth   +            C - ring of protection from cold
HPRegen 1.15/turn    R - ring of resist corrosion
MPRegen 0.00/turn

%: infuse magic (-1 HP)
@: flying
A: sickness immunity, fire resistance 2, cold vulnerability 1, float, innate
caster, HP casting, extra vitality 1
a: no special abilities


You were on level 9 of the Dungeon.
You visited 1 branch of the dungeon, and saw 9 of its levels.
You also visited: Bailey.

You collected 449 gold pieces.


Innate Abilities, Weirdness & Mutations

You are immune to sickness and miasma.
You are immune to poison.
Your flesh is very heat resistant. (rF++)
You are vulnerable to cold. (rC-)
You float through the air rather than walking.
You learn spells naturally, not from books.
Your magical power is your life essence.
You have superior vitality. (+4 MHP)


   Skills:
 + Level 12.4 Fighting
 - Level 2.1 Dodging
 - Level 1.5 Stealth
 + Level 10.0 Spellcasting
 + Level 10.0 Conjurations
 + Level 10.0 Hexes
 + Level 10.0 Summonings
 + Level 10.0 Necromancy
 + Level 10.0 Translocations
 + Level 10.0 Fire Magic
 + Level 10.0 Ice Magic
 + Level 10.0 Air Magic
 + Level 10.0 Earth Magic
 + Level 10.0 Alchemy


You knew the following spells:

 Your Spells              Type           Power      Damage    Failure   Level
a - Mercury Vapours       Alch/Air       100%       N/A       1%          2
b - Borgnjor's Vile Clut  Necr/Erth      25%        N/A       11%         5
f - Foxfire               Conj/Fire      100%       2x1d9     1%          1
m - Manifold Assault      Tloc           51%        N/A       3%          4
o - Ozocubu's Armour      Ice            51%        N/A       1%          3
r - Inner Flame           Hex/Fire       51%        N/A       1%          3
z - Sandblast             Erth           100%       2d20      1%          1
X - Scorch                Fire           100%       2d9       1%          2
Y - Volatile Blastmotes   Fire/Tloc      100%       2d18      1%          3
Z - Flame Wave            Conj/Fire      51%        2d13      3%          4
Your spell library was empty.

Inventory:

Missiles
 E - 2 throwing nets {=f}
Armour
 l - a +2 ring mail of cold resistance (worn)
 o - a +1 cloak (worn)
 G - a +0 helmet (worn)
Jewellery
 c - a ring of protection from cold
 v - an amulet of regeneration (around neck)
 C - a ring of protection from cold (left hand)
 R - a ring of resist corrosion (right hand)
Wands
 s - a wand of flame (14)
 u - a wand of mindburst (17)
 A - a wand of light (9)
Scrolls
 b - a scroll of silence {!r}
 e - a scroll of brand weapon {unknown}
 g - 2 scrolls of enchant armour
 i - a scroll of noise
 t - 2 scrolls of identify {@r1}
 w - 2 scrolls of vulnerability
 x - a scroll of teleportation {@r2}
 y - 3 scrolls of poison
Potions
 a - a potion of experience
 f - 6 potions of enlightenment
 h - a potion of cancellation {unknown}
 j - 4 potions of might
 k - 3 potions of attraction
 m - 4 potions of curing {@q1}
 n - 2 potions of heal wounds {unknown}
 p - 2 potions of lignification
 q - a potion of magic {unknown}
 r - a potion of brilliance {unknown}
 z - 2 potions of mutation {unknown}
 B - a potion of resistance {unknown}
 F - a potion of berserk rage {unknown}

Dungeon Overview and Level Annotations

Branches:
Dungeon (9/15)             Temple (0/1) D:5          Bailey (visited)
   Lair: D:8-11         Orc: D:9-12

Altars:
Nemelex Xobeh
Okawaru
Ru
Wu Jian
Xom
The Shining One

Shops:
D:1 [

Annotations:
D:4 3 runed translucent doors, zenocrate's ghost, weakling GnDe
D:6 3 runed translucent doors, Sobieck's ghost, novice DgHu

#.###.# #...........
#.....# #...........
####### #...........
#..........> .
#...........
#...........
#...........
######)..........
#.@..............
#...).##...........
.......#o##.†........
#...##)#.##.........
#.. ....)#.....### ..
......#....... .
##..o..#.....##.
......#......


You could see an orc warrior (blind, unable to see you, combustible).


Message History

Unknown command.
Casting: Scorch (safe; 1% risk of failure)
Confirm with . or Enter, or press ? or * to list all spells.
Flames lash the orc warrior.
The orc warrior is burned terribly!
The orc warrior is almost dead.
* * * LOW HITPOINT WARNING * * *
The orc warrior barely misses you.
Unknown command.
Unknown command.
Unknown command.
Casting: Scorch (safe; 1% risk of failure)
Confirm with . or Enter, or press ? or * to list all spells.
Flames lash the orc warrior but do no damage.
* * * LOW HITPOINT WARNING * * *
The orc warrior hits you from afar with a +0 glaive!
* * * LOW HITPOINT WARNING * * *
Unknown command.
Casting: Scorch (safe; 1% risk of failure)
Confirm with . or Enter, or press ? or * to list all spells.
Okay, then.
Okay, then.
Unknown command.
Aiming: Bolt of Light
Press: ? - help, Shift-Dir - straight line, f - orc warrior
Aim: an orc warrior, wielding a +0 glaive and wearing a +3 chain mail (almost dead, more vulnerable to fire, 68% to hit)
The bolt of light hits the orc warrior.
The orc warrior is almost dead.
The orc warrior is blinded.
The orc warrior hits you from afar with a +0 glaive!
You die...

Skill      XL: |  1  2  3  4  5  6  7  8  9 10 11 |
---------------+----------------------------------+-----
Fighting       | 1 2 3 4 5 7 9 11 12 | 12.4
Spellcasting   | 4 5 6 7 9 10 | 10.0
Conjurations   | 4 5 6 7 9 10 | 10.0
Hexes          | 4 5 6 7 9 10 | 10.0
Summonings     | 4 5 6 7 9 10 | 10.0
Necromancy     | 4 5 6 7 9 10 | 10.0
Translocations | 4 5 6 7 9 10 | 10.0
Fire Magic     | 4 5 6 7 9 10 | 10.0
Ice Magic      | 4 5 6 7 9 10 | 10.0
Air Magic      | 4 5 6 7 9 10 | 10.0
Earth Magic    | 4 5 6 7 9 10 | 10.0
Alchemy        | 4 5 6 7 9 10 | 10.0
Dodging        | |  2.1
Stealth        | |  1.5

Action                     |  1- 3 |  4- 6 |  7- 9 | 10-12 || total
---------------------------+-------+-------+-------+-------++-------
  Melee: Unarmed           |       |     2 |     5 |       ||     7
         Punch             |       |       |     1 |       ||     1
   Cast: Foxfire           |    60 |   144 |   318 |   449 ||   971
         Sandblast         |       |     2 |       |       ||     2
         Scorch            |       |       |    18 |    19 ||    37
         Mercury Vapours   |       |       |     1 |       ||     1
         Flame Wave        |       |       |       |     3 ||     3
  Evoke: Wand              |       |       |       |     1 ||     1
    Use: Scroll            |       |       |    15 |       ||    15
 Armour: Robe              |     4 |       |       |       ||     4
         Ring mail         |       |     9 |    53 |    73 ||   135
  Dodge: Dodged            |     4 |    22 |    42 |    35 ||   103

Levels and vault maps discovered:
D:1:      shiori_arrival_oz, layout_loops_ring, serial_shops, shop,
          minmay_tetromino_o4
D:2:      layout_loops_corners, uniq_jessica
D:3:      kennysheep_big_flooded_room, layout_rooms, marbit_many_paths,
          uniq_natasha
D:4:      layout_loops_ring, lemuel_round_altar, lemuel_coloured_pillars_altar,
          nicolae_ru_the_path_less_chosen, gammafunk_ghost_icy
D:5:      layout_basic, okawaru_gym_becter, nicolae_wu_jian_wuxing_cycle,
          minmay_temple_entry_enclosed_plants, minivault_1
D:6:      layout_basic, gammafunk_ghost_necromancy
D:7:      layout_rooms, nicolae_overflow_hidden_temple,
          mainiacjoe_overflow_boulevard, serial_undead, serial_undead_e,
          serial_undead_c, serial_undead_f, serial_undead_a, serial_undead_e,
          serial_undead_c, serial_undead_f, enter_bailey_4
D:8:      layout_gridville, uniq_maurice, uniq_grum, uniq_pikel
D:9:      layout_basic, nicolae_overflow_crystal_walls, uniq_erica

Notes
Turn   | Place    | Note
-------+----------+-------------------------------------------
     0 | D:1      | cforsyth the Djinni Fire Elementalist began the quest for
                  | the Orb.
     0 | D:1      | cforsyth set off with the following spells memorised:
                  | Foxfire, Scorch, Volatile Blastmotes, Inner Flame, Flame
                  | Wave.
     0 | D:1      | Reached XP level 1. HP: 15/15 MP: 0/0
    83 | D:1      | Reached skill level 1 in Fighting
    83 | D:1      | Reached XP level 2. HP: 18/22 MP: 0/0
   249 | D:1      | Reached XP level 3. HP: 26/27 MP: 0/0
   249 | D:1      | Learned a level 1 spell: Sandblast
   484 | D:1      | Reached skill level 2 in Fighting
   667 | D:1      | Found Eheidgh's Armour Shoppe.
   827 | D:2      | Reached XP level 4. HP: 31/33 MP: 0/0
  1647 | D:2      | Noticed Jessica
  1651 | D:2      | Killed Jessica
  1652 | D:2      | Reached skill level 3 in Fighting
  1652 | D:2      | Reached skill level 4 in Spellcasting
  1652 | D:2      | Reached skill level 4 in Conjurations
  1652 | D:2      | Reached skill level 4 in Hexes
  1652 | D:2      | Reached skill level 4 in Summonings
  1652 | D:2      | Reached skill level 4 in Necromancy
  1652 | D:2      | Reached skill level 4 in Translocations
  1652 | D:2      | Reached skill level 4 in Fire Magic
  1652 | D:2      | Reached skill level 4 in Ice Magic
  1652 | D:2      | Reached skill level 4 in Air Magic
  1652 | D:2      | Reached skill level 4 in Earth Magic
  1652 | D:2      | Reached skill level 4 in Alchemy
  1652 | D:2      | Reached XP level 5. HP: 38/40 MP: 0/0
  1652 | D:2      | Learned a level 2 spell: Mercury Vapours
  1964 | D:3      | Noticed Natasha
  1970 | D:3      | Killed Natasha
  1973 | D:3      | Noticed Natasha
  1977 | D:3      | Killed Natasha
  1978 | D:3      | Reached XP level 6. HP: 28/46 MP: 0/0
  2001 | D:3      | Noticed Natasha
  2007 | D:3      | Killed Natasha
  2191 | D:3      | Found a shimmering altar of Xom.
  2266 | D:3      | Reached skill level 4 in Fighting
  2633 | D:3      | Noticed a black bear
  2641 | D:3      | Killed a black bear
  2818 | D:4      | Reached XP level 7. HP: 52/53 MP: 0/0
  2818 | D:4      | Learned a level 3 spell: Ozocubu's Armour
  2844 | D:4      | Noticed zenocrate's ghost (weakling GnDe)
  2952 | D:4      | Found a sacrificial altar of Ru.
  3112 | D:4      | Found a runed translucent gate.
  3112 | D:4      | Found a runed translucent gate.
  3112 | D:4      | Found a runed translucent gate.
  3185 | D:4      | Reached skill level 5 in Fighting
  3185 | D:4      | Reached skill level 5 in Spellcasting
  3185 | D:4      | Reached skill level 5 in Conjurations
  3185 | D:4      | Reached skill level 5 in Hexes
  3185 | D:4      | Reached skill level 5 in Summonings
  3185 | D:4      | Reached skill level 5 in Necromancy
  3185 | D:4      | Reached skill level 5 in Translocations
  3185 | D:4      | Reached skill level 5 in Fire Magic
  3185 | D:4      | Reached skill level 5 in Ice Magic
  3185 | D:4      | Reached skill level 5 in Air Magic
  3185 | D:4      | Reached skill level 5 in Earth Magic
  3185 | D:4      | Reached skill level 5 in Alchemy
  3418 | D:4      | Found a glowing golden altar of the Shining One.
  3928 | D:3      | Found a shimmering altar of Xom.
  5289 | D:3      | Found a shimmering altar of Xom.
  5376 | D:5      | Entered Level 5 of the Dungeon
  5415 | D:5      | Found an ornate altar of the Wu Jian Council.
  5525 | D:5      | Reached XP level 8. HP: 61/61 MP: 0/0
  5529 | D:5      | Reached skill level 6 in Fighting
  5571 | D:5      | Found an iron altar of Okawaru.
  6115 | D:5      | Found a staircase to the Ecumenical Temple.
  6357 | D:6      | Reached skill level 6 in Spellcasting
  6357 | D:6      | Reached skill level 6 in Conjurations
  6357 | D:6      | Reached skill level 6 in Hexes
  6357 | D:6      | Reached skill level 6 in Summonings
  6357 | D:6      | Reached skill level 6 in Necromancy
  6357 | D:6      | Reached skill level 6 in Translocations
  6357 | D:6      | Reached skill level 6 in Fire Magic
  6357 | D:6      | Reached skill level 6 in Ice Magic
  6357 | D:6      | Reached skill level 6 in Air Magic
  6357 | D:6      | Reached skill level 6 in Earth Magic
  6357 | D:6      | Reached skill level 6 in Alchemy
  6388 | D:6      | Reached skill level 7 in Fighting
  6451 | D:6      | Reached XP level 9. HP: 64/68 MP: 0/0
  6451 | D:6      | Learned a level 4 spell: Manifold Assault
  6681 | D:6      | Reached skill level 8 in Fighting
  6797 | D:6      | Found a runed translucent gate.
  6797 | D:6      | Found a runed translucent gate.
  6797 | D:6      | Found a runed translucent gate.
  6802 | D:6      | Noticed Sobieck's ghost (novice DgHu)
  6902 | D:6      | Reached skill level 7 in Spellcasting
  6902 | D:6      | Reached skill level 7 in Conjurations
  6902 | D:6      | Reached skill level 7 in Hexes
  6902 | D:6      | Reached skill level 7 in Summonings
  6902 | D:6      | Reached skill level 7 in Necromancy
  6902 | D:6      | Reached skill level 7 in Translocations
  6902 | D:6      | Reached skill level 7 in Fire Magic
  6902 | D:6      | Reached skill level 7 in Ice Magic
  6902 | D:6      | Reached skill level 7 in Air Magic
  6902 | D:6      | Reached skill level 7 in Earth Magic
  6902 | D:6      | Reached skill level 7 in Alchemy
  7132 | D:7      | Found a sparkling altar of Nemelex Xobeh.
  7287 | D:7      | Reached skill level 9 in Fighting
  7324 | D:7      | Found a flagged portal.
  7350 | Bailey   | Entered a bailey
  7383 | Bailey   | Reached XP level 10. HP: 56/78 MP: 0/0
  7488 | Bailey   | Reached skill level 8 in Spellcasting
  7488 | Bailey   | Reached skill level 8 in Conjurations
  7488 | Bailey   | Reached skill level 8 in Hexes
  7488 | Bailey   | Reached skill level 8 in Summonings
  7488 | Bailey   | Reached skill level 8 in Necromancy
  7488 | Bailey   | Reached skill level 8 in Translocations
  7488 | Bailey   | Reached skill level 8 in Fire Magic
  7488 | Bailey   | Reached skill level 8 in Ice Magic
  7488 | Bailey   | Reached skill level 8 in Air Magic
  7488 | Bailey   | Reached skill level 8 in Earth Magic
  7488 | Bailey   | Reached skill level 8 in Alchemy
  7534 | Bailey   | Reached skill level 10 in Fighting
  7819 | Bailey   | Identified a +0 crystal plate armour
  8142 | D:7      | Reached skill level 11 in Fighting
  8399 | D:6      | Reached skill level 9 in Spellcasting
  8399 | D:6      | Reached skill level 9 in Conjurations
  8399 | D:6      | Reached skill level 9 in Hexes
  8399 | D:6      | Reached skill level 9 in Summonings
  8399 | D:6      | Reached skill level 9 in Necromancy
  8399 | D:6      | Reached skill level 9 in Translocations
  8399 | D:6      | Reached skill level 9 in Fire Magic
  8399 | D:6      | Reached skill level 9 in Ice Magic
  8399 | D:6      | Reached skill level 9 in Air Magic
  8399 | D:6      | Reached skill level 9 in Earth Magic
  8399 | D:6      | Reached skill level 9 in Alchemy
  8601 | D:8      | Noticed Maurice
  8602 | D:8      | Maurice stole a staff of death {!a}
  8603 | D:8      | Maurice stole a ring of resist corrosion
  8605 | D:8      | Killed Maurice
  8606 | D:8      | Reached XP level 11. HP: 78/87 MP: 0/0
  8606 | D:8      | Learned a level 5 spell: Borgnjor's Vile Clutch
  8720 | D:8      | Noticed Grum
  8729 | D:8      | Killed Grum
  8746 | D:8      | Noticed Pikel
  8751 | D:8      | Killed Pikel
  8752 | D:8      | Reached skill level 12 in Fighting
  9187 | D:9      | Noticed Erica
  9197 | D:9      | Killed Erica
  9200 | D:9      | Reached skill level 10 in Spellcasting
  9200 | D:9      | Reached skill level 10 in Conjurations
  9200 | D:9      | Reached skill level 10 in Hexes
  9200 | D:9      | Reached skill level 10 in Summonings
  9200 | D:9      | Reached skill level 10 in Necromancy
  9200 | D:9      | Reached skill level 10 in Translocations
  9200 | D:9      | Reached skill level 10 in Fire Magic
  9200 | D:9      | Reached skill level 10 in Ice Magic
  9200 | D:9      | Reached skill level 10 in Air Magic
  9200 | D:9      | Reached skill level 10 in Earth Magic
  9200 | D:9      | Reached skill level 10 in Alchemy
  9245 | D:9      | Slain by an orc warrior

Vanquished Creatures
  Erica (D:9)
  Pikel (D:8)
  Maurice (D:8)
  A hornet (D:8)
  A shadow (D:8)
  Grum (D:8)
  2 steam dragons
  2 black bears
  2 hornet zombies (D:7)
  15 orc warriors
  An ice beast (D:8)
  3 wolves (D:8)
  2 ogres
  12 centaurs
  2 phantoms (D:6)
  4 lemures (D:8)
  3 kobold brigands
  A wyvern zombie (D:7)
  2 bullfrogs
  A water moccasin zombie (D:7)
  4 scorpions
  10 wights
  6 killer bees (D:8)
  A howler monkey (D:8)
  A bombardier beetle (D:5)
  2 jellies
  2 gnoll boudas
  6 orc priests
  A bullfrog zombie (D:7)
  2 hounds
  Jessica (D:2)
  Natasha (thrice) (D:3)
  6 iguanas
  5 orc wizards
  A howler monkey zombie (D:7)
  17 gnolls
  7 adders
  A white imp (D:7)
  2 dart slugs
  5 ribbon worms
  42 orcs
  9 ball pythons
  7 endoplasms
  3 giant cockroaches
  11 hobgoblins
  4 jackals (D:3)
  23 kobolds
  3 quokkas
  8 bats
  5 frilled lizards
  10 goblins
  12 rats
278 creatures vanquished.

Vanquished Creatures (others)
  1156 foxfires
1156 creatures vanquished.

Grand Total: 1434 creatures vanquished

Table legend: (Time is in decaauts)
 A = Elapsed time spent in this place.
 B = Non-inter-level travel time spent in this place.
 C = Inter-level travel time spent in this place.
 D = Time resting spent in this place.
 E = Time spent auto-exploring this place.
 F = Levels seen in this place.
 G = Mean time per level.
                   A        B        C        D        E       F      G
               +--------+--------+--------+--------+--------+-----+--------+
         Total |   9247 |   8957 |    290 |    192 |   6902 |  10 |  924.7 |
       Dungeon |   8502 |   8212 |    290 |    192 |   6578 |   9 |  944.7 |
        Bailey |    744 |    744 |      0 |      0 |    324 |   1 |  744.0 |
               +--------+--------+--------+--------+--------+-----+--------+

Top non-repeatable levels by time:
     D:2: 1850 daAuts
     D:3: 1835 daAuts
     D:5: 967 daAuts
     D:6: 947 daAuts
     D:4: 881 daAuts
     D:1: 810 daAuts
  Bailey: 744 daAuts
     D:7: 567 daAuts
     D:8: 470 daAuts
     D:9: 172 daAuts

Table legend:
 A = Non-vault XP
 B = Vault XP
 C = Vault XP percentage of total XP
 D = Non-vault monster count
 E = Vault monster count
 F = Vault count percentage of total count
                 A         B        C        D         E       F
            +---------+---------+-------+---------+---------+-------
      Total |    5489 |    6582 |  54.5 |     197 |      77 |  28.1
            +---------+---------+-------+---------+---------+-------
        D:1 |      54 |      13 |  19.4 |      22 |       5 |  18.5
        D:2 |      76 |      38 |  33.3 |      26 |       1 |   3.7
        D:3 |     157 |     180 |  53.4 |      23 |       4 |  14.8
        D:4 |     277 |       0 |   0.0 |      23 |       0 |   0.0
        D:5 |     694 |       0 |   0.0 |      21 |       0 |   0.0
        D:6 |    1238 |       0 |   0.0 |      29 |       0 |   0.0
        D:7 |     775 |     672 |  46.4 |      19 |      13 |  40.6
        D:8 |    1890 |    1724 |  47.7 |      25 |       6 |  19.4
        D:9 |     328 |     858 |  72.3 |       9 |       1 |  10.0
     Bailey |       0 |    3097 | 100.0 |       0 |      47 | 100.0
            +---------+---------+-------+---------+---------+-------
